 Dungeon Crawl Stone Soup version 0.26-a0-660-gc07710193c (webtiles) character file.

Game seed: 15755946675045137446

131 GoodGuyCap the Chopper (level 5, -8/35 HPs)
             Began as an Octopode Gladiator on Oct 7, 2020.
             Mangled by a worm (9 damage)
             ... on level 3 of the Dungeon.
             The game lasted 00:02:04 (2015 turns).

GoodGuyCap the Chopper (Octopode Gladiator)         Turns: 2015, Time: 00:02:05

Health: -8/35      AC:  1    Str: 12 (14) XL:     5   Next: 14%
Magic:  5/5        EV: 11    Int:  9 (10) God:
Gold:   64         SH:  7    Dex: 13 (14) Spells: 4/4 levels left

rFire    . . .     SeeInvis .   a - +0 war axe
rCold    . . .     Faith    .   g - +0 kite shield
rNeg     . . .     Spirit   .   b - +0 hat
rPois    .         Reflect  .   (no amulet)
rElec    .         Harm     .   (no ring)
rCorr    .         Rampage  .   (no ring)
MR       .....                  (no ring)
Stlth    +++.......             (no ring)
HPRegen  0.11/turn              (no ring)
MPRegen  0.09/turn              (no ring)
                                (no ring)
                                (no ring)

@: no status effects
A: almost no armour, stealthy swim, amphibious, 8 rings, constrict 8, camouflage
1, gelatinous body 1
a: no special abilities


You were on level 3 of the Dungeon.
You visited 1 branch of the dungeon, and saw 3 of its levels.

You collected 64 gold pieces.

Inventory:

Hand Weapons
 a - a +0 war axe (weapon)
Missiles
 c - 3 throwing nets (quivered)
Armour
 b - a +0 hat (worn)
 g - a +0 kite shield (worn)
Scrolls
 d - a scroll of remove curse {unknown}
 i - 2 scrolls of teleportation {unknown}
 k - a scroll of identify {unknown}
 n - a scroll of amnesia {unknown}
 o - a scroll of enchant armour {unknown}
Potions
 e - a potion of brilliance {unknown}
 f - a potion of curing {unknown}
 h - a potion of flight {unknown}
 j - a potion of stabbing {unknown}
 l - a potion of heal wounds {unknown}
 m - a potion of degeneration


   Skills:
 * Level 2.4 Fighting
 + Level 4.0 Axes
 + Level 2.0 Throwing
 * Level 3.7 Dodging
 * Level 3.7 Stealth
 + Level 0.3 Shields


You had 4 spell levels left.
You didn't know any spells.
Your spell library was empty.

Dungeon Overview and Level Annotations

Branches:
Dungeon (3/15)

Altars:


Innate Abilities, Weirdness & Mutations

You cannot wear most types of armour.
You are very stealthy in the water. (Stealth+)
You are amphibious.
You can wear up to eight rings at the same time.
You can use your tentacles to constrict eight enemies at once.
Your skin changes colour to match your surroundings (Stealth+).
Your rubbery body absorbs attacks. (AC +1, EV +1)


Message History

You constrict the worm. The orc wizard casts a spell at you.
The magic dart hits you.
* * * LOW HITPOINT WARNING * * *
The orc misses you. The worm bites you.
* * * LOW HITPOINT WARNING * * *
You block the orc wizard's attack.
You hit the orc wizard.
You kill the orc wizard!
Your Axes skill increases to level 4!
You have reached level 5!
You feel stronger.
You slash the orc!
You kill the orc!
You barely miss the worm. You constrict the worm! You block the worm's attack.
It was a potion of degeneration.
There was something very wrong with that liquid.
You feel weakened.
You feel dopey.
You feel clumsy.
You constrict the worm. The worm bites you!
You die...

#.# ...### # #.#
.. #.#..|$#.# #.#
r.<#.#..#.#. #)#
#.#.#..#.. #.#
#........# .#.#
#..?.....# ..#.#
#..$...w)#...#.# #
#......<@)...#.#
#.###....####..#.#
#.......)).....#.#
#..............#.#
#.###..#########.#
#............#
#...##########
#...# ##...


You could see a worm.

Vanquished Creatures
  An orc priest (D:3)
  An orc wizard (D:3)
  2 adders (D:2)
  4 dart slugs
  2 leopard geckos
  3 orcs (D:3)
  3 giant cockroaches
  2 goblins
  8 hobgoblins
  A quokka (D:2)
  A ball python (D:1)
  3 bats
  4 frilled lizards (D:2)
  5 kobolds
  4 rats
44 creatures vanquished.

Notes
Turn   | Place    | Note
-------+----------+-------------------------------------------
     0 | D:1      | GoodGuyCap the Octopode Gladiator began the quest for the
                  | Orb.
     0 | D:1      | Reached XP level 1. HP: 14/14 MP: 1/1
    90 | D:1      | Reached XP level 2. HP: 14/19 MP: 2/2
   945 | D:2      | Reached XP level 3. HP: 21/24 MP: 3/3
   981 | D:2      | Reached skill level 1 in Stealth
  1665 | D:2      | Reached XP level 4. HP: 23/29 MP: 4/4
  2013 | D:3      | HP: 1/30 [worm (6)]
  2014 | D:3      | Reached skill level 4 in Axes
  2014 | D:3      | Reached XP level 5. HP: 1/35 MP: 5/5
  2015 | D:3      | Mangled by a worm

Illustrated notes

Levels and vault maps discovered:
D:1:      evilmike_arrival_fibonacci_small, layout_basic
D:2:      layout_loops_ring
D:3:      layout_basic

Skill      XL: |  1  2  3  4 |
---------------+-------------+-----
Stealth        | 2 3 |  3.7
Axes           | 4 |  4.0
Fighting       | |  2.4
Throwing       | |  2.0
Dodging        | |  3.7
Shields        | |  0.3

Action                   |  1- 3 |  4- 6 || total
-------------------------+-------+-------++-------
Melee: War axe           |    54 |    17 ||    71
       Constrict         |    15 |     5 ||    20
       Tentacles         |     9 |     3 ||    12
  Use: Potion            |       |     1 ||     1
 Stab: Sleeping          |    14 |     2 ||    16
       Distracted        |     1 |       ||     1
Armor: Skin              |     6 |     1 ||     7
Dodge: Dodged            |    14 |     7 ||    21
Block: Kite shield       |    16 |     4 ||    20

Table legend: (Time is in decaauts)
 A = Elapsed time spent in this place.
 B = Non-inter-level travel time spent in this place.
 C = Inter-level travel time spent in this place.
 D = Time resting spent in this place.
 E = Time spent auto-exploring this place.
 F = Levels seen in this place.
 G = Mean time per level.
                   A        B        C        D        E       F      G
               +--------+--------+--------+--------+--------+-----+--------+
         Total |   2043 |   2021 |     22 |      0 |   1709 |   3 |  681.0 |
       Dungeon |   2043 |   2021 |     22 |      0 |   1709 |   3 |  681.0 |
               +--------+--------+--------+--------+--------+-----+--------+

Top non-repeatable levels by time:
     D:2: 955 daAuts
     D:1: 927 daAuts
     D:3: 160 daAuts
